 Dungeon Crawl Stone Soup version 0.19-a0-19-gf75ed07 (webtiles) character file.

268 M4edhros the Martial Artist (level 6, -1/46 HPs)
             Began as a Vampire Monk on Apr 30, 2016.
             Slain by a kobold
             ... wielding a +0 long sword
              (7 damage)
             ... on level 3 of the Dungeon.
             The game lasted 00:05:26 (846 turns).

M4edhros the Martial Artist (Vampire Monk)           Turns: 846, Time: 00:05:29

Health: -1/46      AC:  5    Str: 12    XL:     6   Next: 0%
Magic:  6/6        EV: 13    Int: 13    God:
Gold:   74         SH:  0    Dex: 16    Spells: 0 memorised, 5 levels left

rFire  . . .     SeeInvis +       - Unarmed
rCold  . . .     Gourm    .     f - +0 troll leather armour {Purgy}
rNeg   . . .     Faith    .     (no shield)
rPois  +         Spirit   .     (no helmet)
rElec  .         Dismiss  .     g - +0 cloak {rPois}
rCorr  .         Reflect  .     (no gloves)
SustAt .         Harm     .     (no boots)
MR     .....                    (no amulet)
Stlth  ++........               (no ring)
                                (no ring)

@: regenerating quickly, not resistant to hostile enchantments, unstealthy
A: fangs 3, see invisible, unbreathing
a: no special abilities


You were on level 3 of the Dungeon.
You were very full.

You visited 1 branch of the dungeon, and saw 5 of its levels.

You collected 74 gold pieces.

Inventory:

Hand Weapons
 h - a +3 quarterstaff of chaos
Missiles
 b - 6 javelins (quivered)
Armour
 f - a +0 troll leather armour (worn) {Purgy}
 g - a +0 cloak of poison resistance (worn)
Scrolls
 c - 2 scrolls of teleportation {unknown}
 d - a scroll of immolation {unknown}
 e - a scroll of fog
 k - a scroll of blinking {unknown}
Potions
 l - 4 potions of blood
Books
 a - a book of Flames

   Spells                             Type                      Level
   a - Flame Tongue                   Conjuration/Fire             1
   b - Throw Flame                    Conjuration/Fire             2
   c - Conjure Flame                  Conjuration/Fire             3
   d - Inner Flame                    Hexes/Fire                   3
   e - Sticky Flame                   Conjuration/Fire             4
   f - Fireball                       Conjuration/Fire             5
 j - a book of Unlife

   Spells                             Type                      Level
   a - Recall                         Summoning/Translocation      3
   b - Animate Dead                   Necromancy                   4
   c - Control Undead                 Necromancy                   4
   d - Cigotuvi's Embrace             Necromancy                   5
   e - Death Channel                  Necromancy                   6
   f - Simulacrum                     Ice/Necromancy               6


   Skills:
 - Level 2.6 Fighting
 - Level 3.2 Dodging
 - Level 3.0 Stealth
 + Level 8.0 Unarmed Combat


You had 5 spell levels left.
You didn't know any spells.

Dungeon Overview and Level Annotations

Branches:
Dungeon (5/15)
 Temple: D:4-7

Altars:

Annotations:
D:3 Sigmund
D:5 Prince Ribbit


Innate Abilities, Weirdness & Mutations

Your natural rate of healing is unusually fast.
You have razor-sharp teeth.
You have supernaturally acute eyesight.
You can survive without breathing.


Message History

You see here a stone.
An adder comes into view.
You see here a smoky red potion.
i - a smoky red potion A worm comes into view.
The kobold hits you with a long sword.
You are too injured to fight recklessly!
You are too injured to fight recklessly!
You closely miss the kobold. The kobold hits you with a long sword.
The quokka bites you.
* * * LOW HITPOINT WARNING * * *
The adder barely misses you.
Drink which item? (? for menu, Esc to quit)
It was a potion of cure mutation.
It has a very clean taste.
The quokka bites you.
* * * LOW HITPOINT WARNING * * *
The adder bites you.
* * * LOW HITPOINT WARNING * * *
The kobold hits you with a long sword!
You die...

.S.# ...# ...#
...#
#.########...##
#.w.w..##.....##.
#...(.......
##.S........
#>@K.......
#..r.......
#...>......
#..........
#..........
##.........
##.....## ######


You could see a worm, an adder, a quokka and a kobold.

Vanquished Creatures
  Purgy (D:3)
  2 orc priests (D:5)
  Crazy Yiuf (D:2)
  An orc wizard (D:5)
  An adder (D:2)
  2 oozes
  An adder skeleton (D:5)
  2 worms
  A dart slug (D:3)
  2 orcs
  A bat (D:3)
  2 giant cockroaches
  2 goblins
  2 hobgoblins
  4 jackals
  A ball python (D:5)
  4 giant newts
  3 kobolds
  2 rats
35 creatures vanquished.

Notes
Turn   | Place    | Note
--------------------------------------------------------------
     0 | D:1      | M4edhros the Vampire Monk began the quest for the Orb.
     0 | D:1      | Reached XP level 1. HP: 17/17 MP: 1/1
   107 | D:1      | Reached XP level 2. HP: 13/23 MP: 2/2
   143 | D:1      | Reached skill level 5 in Unarmed Combat
   279 | D:2      | Reached XP level 3. HP: 28/28 MP: 3/3
   289 | D:2      | Noticed Crazy Yiuf
   304 | D:2      | Killed Crazy Yiuf
   304 | D:2      | Reached skill level 6 in Unarmed Combat
   429 | D:3      | Reached XP level 4. HP: 13/34 MP: 4/4
   491 | D:3      | Noticed Purgy
   517 | D:3      | HP: 1/34 [Purgy (2)]
   520 | D:3      | Killed Purgy
   520 | D:3      | Reached skill level 7 in Unarmed Combat
   520 | D:3      | Reached XP level 5. HP: 1/39 MP: 5/5
   608 | D:2      | got purgy, and killed him at 1 hp. he left skin. got enchant armour, so i have xl5 troll armour
   632 | D:3      | Noticed Sigmund
   750 | D:5      | Entered Level 5 of the Dungeon
   788 | D:5      | Reached skill level 8 in Unarmed Combat
   791 | D:5      | Noticed Prince Ribbit
   792 | D:5      | Reached XP level 6. HP: 39/46 MP: 6/6
   823 | D:4      | prince rabbit at d5, nearly dead
   846 | D:3      | Slain by a kobold

Vault maps used:
D:1:      dpeg_arrival_solitude, ashenzari_altar_1
D:2:      uniq_crazy_yiuf_cottage
D:3:      overflow_temple_1_default, uniq_purgy, uniq_sigmund
D:4:      first_bread
D:5:      temple_hall, item_on_display_a, uniq_prince_ribbit1

Skill      XL: |  1  2  3  4  5 |
---------------+----------------+-----
Unarmed Combat | 5 6 7 8 |  8.0
Fighting       | |  2.6
Dodging        | |  3.2
Stealth        | |  3.0

Action                   |  1- 3 |  4- 6 || total
-------------------------+-------+-------++-------
Melee: Unarmed           |    63 |    58 ||   121
       Bite              |     8 |     5 ||    13
       Punch             |     4 |       ||     4
       Quarterstaff      |     3 |       ||     3
  Use: Potion            |     7 |     5 ||    12
       Scroll            |       |     3 ||     3
 Stab: Sleeping          |     2 |     2 ||     4
Armor: Robe              |     5 |     4 ||     9
       Troll leather arm |       |     6 ||     6
Dodge: Dodged            |    31 |    79 ||   110
